Map: Kairos Junction LE

Players

Parkkatz

  • Race: Zerg Zerg
  • League: Platinum
  • Spawn Location: 11:00

VOD

Have the link to the VOD?

Description

Time

  • Played on: June 28, 2019, 10:17 p.m.
  • Length: 9:11
Show
View Real Time Build Order
Export as new Build Order

Parkkatz Zerg 

Build Orders:  

Get SALT Encoding   

  12  0:02  Drone  
  13  0:19  Overlord  
  13  0:25  Drone  
  14  0:44  Drone x2  
  16  0:50  Drone  
  17  1:16  Hatchery  
  17  1:18  Drone  
  17  1:26  Drone  
  18  1:38  Extractor  
  17  1:45  Spawning Pool  
  16  1:51  Drone  
  16  1:53  Drone  
  18  2:09  Drone  
  19  2:23  Overlord  
  19  2:54  Drone  
  19  2:55  Zergling x2  
  19  2:59  Zergling x2  
  22  3:13  Drone x2  
  22  3:17  Queen  
  22  3:18  Queen  
  28  3:28  Drone  
  29  3:30  Drone  
  29  3:37  Overlord  
  30  3:46  Drone  
  31  3:53  Overlord  
  31  3:58  Drone  
  25  4:00  Metabolic Boost  
  31  4:19  Drone x2  
  33  4:32  Queen  
  33  4:36  Drone x2  
  33  4:37  Drone  
  38  4:42  Hatchery, Zergling x2  
  38  4:56  Drone  
  39  5:01  Drone  
  39  5:02  Drone x2  
  39  5:03  Zergling x2  
  39  5:04  Zergling x2  
  44  5:19  Baneling Nest  
  43  5:48  Drone  
  44  5:52  Extractor  
  44  5:53  Extractor  
  44  5:58  Queen  
  44  5:59  Overlord  
  44  6:00  Overlord  
  44  6:01  Overlord  
  44  6:02  Overlord  
  44  6:11  Roach Warren  
  44  6:14  Drone  
  44  6:23  Baneling x2  
  44  6:25  Drone x3  
  44  6:26  Drone  
  44  6:27  Drone x2  
  50  6:31  Drone  
  50  6:33  Queen  
  50  6:38  Zergling x6  
  50  6:39  Zergling x8  
  60  6:56  Queen  
  60  6:59  Drone x3  
  65  7:02  Drone  
  65  7:03  Drone  
  65  7:05  Baneling x3  
  65  7:06  Baneling  
  67  7:13  Drone  
  67  7:19  Drone x2  
  70  7:24  Extractor  
  70  7:28  Drone x2  
  71  7:31  Overlord x3  
  71  7:42  Queen  
  71  7:45  Drone x4  
  71  7:46  Drone  
  71  7:47  Lair  
  78  7:59  Spore Crawler  
  77  8:05  Spore Crawler, Drone  
  77  8:06  Drone x3  
  80  8:16  Spore Crawler  
  79  8:21  Zergling x6  
  79  8:22  Zergling x10  
  87  8:31  Drone x2  
  87  8:32  Drone  
  87  8:39  Drone  
  91  8:40  Drone  
  91  8:43  Extractor  
  91  8:44  Overlord  
  91  8:45  Extractor  
Tags
 
Add a new tag
Caveats
  • Supply blocks, unpowered buildings, or Contaminate may cause inaccurate times.
  • Supply counts are checked every 10 seconds.